 Dungeon Crawl Stone Soup version 0.29.0-4-gdea44cf6ec (webtiles) character file.

Game seed: 13053940528069211785

22 qw the Chopper (level 2, 0/17 HPs)
             Began as a Tengu Warper on Aug 28, 2022.
             Slain by a quokka (3 damage)
             ... on level 1 of the Dungeon.
             The game lasted 00:00:03 (768 turns).

qw the Chopper (Tengu Warper)                        Turns: 768, Time: 00:00:03

Health: 0/17       AC:  3    Str: 11    XL:     2   Next: 91%
Magic:  6/6        EV:  8    Int: 13    God:
Gold:   7          SH:  0    Dex: 13    Spells: 5/5 levels left

rFire   . . .      SeeInvis .   a - +0 hand axe
rCold   . . .      Faith    .   (no shield)
rNeg    . . .      Spirit   .   b - +0 leather armour
rPois   .          Reflect  .   (helmet restricted)
rElec   .          Harm     .   (no cloak)
rCorr   .          Rampage  .   (no gloves)
Will    .....                   (boots unavailable)
Stlth   +.........              (no amulet)
HPRegen 0.05/turn               (no ring)
MPRegen 0.10/turn               (no ring)

@: constricted
A: beak, talons 3
a: no special abilities


You were on level 1 of the Dungeon.
You visited 1 branch of the dungeon, and saw 1 of its levels.

You collected 7 gold pieces.


Innate Abilities, Weirdness & Mutations

You have a beak for a mouth.
You have claws for feet.


   Skills:
 - Level 2.0 Fighting
 + Level 3.6 Axes
 - Level 1.0 Throwing
 - Level 1.1 Armour
 - Level 2.1 Dodging
 - Level 2.0 Spellcasting
 - Level 2.4 Translocations


You had 5 spell levels left.
You didn't know any spells.
Your spell library contained the following spells:

 Spells                   Type           Power      Damage    Failure   Level
 Blink                    Tloc           14%        N/A       19%         2
 Gell's Gravitas          Tloc           7%         N/A       36%         3
 Lesser Beckoning         Tloc           7%         N/A       36%         3
 Teleport Other           Tloc           7%         N/A       36%         3
 Manifold Assault         Tloc           7%         N/A       98%         5

Inventory:

Hand Weapons
 a - a +0 hand axe (weapon)
 f - a +0 club
Armour
 b - a +0 leather armour (worn)
Scrolls
 c - a scroll of blinking
 d - a scroll of enchant weapon {unknown}
 h - a scroll of amnesia {unknown}
Potions
 e - a potion of lignification {unknown}
 g - 2 potions of heal wounds {unknown}

Dungeon Overview and Level Annotations

Branches:
Dungeon (1/15)

Altars:


Message History

A ball python comes into view.
The quokka barely misses you. The goblin hits you with a +0 club.
The goblin barely misses you. The quokka closely misses you.
You closely miss the goblin.
The ball python hisses angrily.
You claw the goblin.
You kill the goblin!
You barely miss the quokka.
The quokka bites you but does no damage.
You barely miss the quokka. The quokka bites you.
You closely miss the quokka. The quokka barely misses you.
The quokka misses you.
You barely miss the quokka. Your kick misses the quokka. The quokka misses you.
You hit the quokka.
The quokka is moderately wounded.
The quokka bites you.
You closely miss the quokka.
The quokka is moderately wounded.
You barely miss the ball python. The ball python bites you.
The ball python grabs you. The ball python constricts you.
The quokka bites you but does no damage.
The ball python barely misses you. The ball python constricts you.
The quokka bites you but does no damage.
You closely miss the ball python. You completely miss the quokka.
The quokka closely misses you. The ball python bites you.
The ball python constricts you.
You hit the ball python.
The ball python is heavily wounded.
You miss the quokka.
The quokka bites you but does no damage.
The ball python bites you. The ball python constricts you.
You closely miss the ball python.
The ball python is heavily wounded.
You hit the quokka. The quokka bites you. The ball python bites you.
The ball python constricts you. The quokka bites you.
You die...

#...#~# #.......
#...#~~##.......
#...#~~~#.......
#...##~~~~......
.##
##..##~~~~~~~~~.
....
#..###~~~~~~~~~
.....######.#
###~~~~~~~
......r.###.#
#...~~~~
......S@....#
#.......
........###.#
#.......
.....#### #.#
#....... ....
#.# #....... ...
#.# #....... ..
#.# #....... .
#.# #>...... ..#
########


You could see a quokka and a ball python.

Vanquished Creatures
  A dart slug (D:1)
  2 endoplasms (D:1)
  2 giant cockroaches (D:1)
  2 goblins (D:1)
  2 hobgoblins (D:1)
  A quokka (D:1)
  2 ball pythons (D:1)
  2 bats (D:1)
  2 kobolds (D:1)
  3 rats (D:1)
19 creatures vanquished.

Notes
Turn   | Place    | Note
-------+----------+-------------------------------------------
     0 | D:1      | qw the Tengu Warper began the quest for the Orb.
     0 | D:1      | Reached XP level 1. HP: 12/12 MP: 4/4
     0 | D:1      | 0 ||| qw: Version: 0.1-a-89-g26bdef1
     0 | D:1      | 0 ||| qw: Game counter: 416
     0 | D:1      | 0 ||| qw: Always use a shield: true
     0 | D:1      | 0 ||| qw: God list: Okawaru
     0 | D:1      | 0 ||| qw: Allow faded altars: false
     0 | D:1      | 0 ||| qw: Do Orc after D:15 true
     0 | D:1      | 0 ||| qw: Do second Lair branch before Depths: true
     0 | D:1      | 0 ||| qw: Lair rune preference: random
     0 | D:1      | 0 ||| qw: Plans: Normal
     0 | D:1      | 0 ||| PLANNING D:1-11
    22 | D:1      | 22 ||| Stepping ~*~*~tactically~*~*~ (stealth).
    28 | D:1      | 28 ||| Stepping ~*~*~tactically~*~*~ (stealth).
    94 | D:1      | Reached skill level 3 in Axes
    94 | D:1      | Reached XP level 2. HP: 17/17 MP: 6/6
   152 | D:1      | 152 ||| Stepping ~*~*~tactically~*~*~ (hiding).
   288 | D:1      | 288 ||| Stepping ~*~*~tactically~*~*~ (hiding).
   768 | D:1      | HP: 3/17 [ball python (2)]
   768 | D:1      | Slain by a quokka

Levels and vault maps discovered:
D:1:      lemuel_arrival_river_ford, layout_loops_cross,
          minmay_stone_trees_small, st_stairs_4

Skill      XL: |  1 |
---------------+----+-----
Axes           | 3 |  3.6
Fighting       | |  2.0
Throwing       | |  1.0
Armour         | |  1.1
Dodging        | |  2.1
Spellcasting   | |  2.0
Translocations | |  2.4

Action                   || total
-------------------------++-------
Melee: Hand axe          ||    32
       Kick              ||     9
       Peck              ||     2
Throw: Boomerang         ||     7
Armor: Leather armour    ||     5
Dodge: Dodged            ||    17

Table legend:
 A = Non-vault XP
 B = Vault XP
 C = Vault XP percentage of total XP
 D = Non-vault monster count
 E = Vault monster count
 F = Vault count percentage of total count
                 A         B        C        D         E       F
            +---------+---------+-------+---------+---------+-------
      Total |      23 |       9 |  28.1 |      15 |       4 |  21.1
            +---------+---------+-------+---------+---------+-------
        D:1 |      23 |       9 |  28.1 |      15 |       4 |  21.1
            +---------+---------+-------+---------+---------+-------
